 Dungeon Crawl Stone Soup version 0.30.1-9-gdf580d7c3d (webtiles) character file.

Game seed: 3909631681426666758

366 pkoi the Insei (level 6, -4/50 HPs)
             Began as a Draconian Monk on Oct 11, 2023.
             Was an Initiate of Ashenzari.
             Killed by nerve-wracking pain
             ... invoked by Grinder
              (14 damage)
             ... while paralysed by Grinder
             ... on level 4 of the Dungeon.
             The game lasted 00:07:00 (3593 turns).

pkoi the Insei (Draconian Monk)                     Turns: 3593, Time: 00:07:01

Health: -4/50      AC:  9    Str: 13    XL:     6   Next: 40%
Magic:  6/6        EV:  2    Int: 13    God:    Ashenzari [......]
Gold:   167        SH:  0    Dex: 13    Spells: 5/5 levels left

rFire   . .          .
                       - Unarmed
rCold   . . .        b - orb {light}
rNeg    . . .        (body armour unavailable)
rPois   .            (helmet restricted)
rElec   .            (no cloak)
rCorr   .            (no gloves)
SInv    .            o - +2 pair of boots "Behold Eternity" {Cun, Self} (curse)
Will    .....        e - amulet of reflection
Stlth   +            c - ring of wizardry
HPRegen 0.28/turn    (no ring)
MPRegen 0.10/turn

%: reflection, wizardry (x1)
@: paralysed, glowing
A: AC +6, unfitting armour, cold-blooded, horns 1, frail 1
a: Renounce Religion, Shatter the Chains


You were on level 4 of the Dungeon.
You worshipped Ashenzari.
Ashenzari was noncommittal.
You visited 2 branches of the dungeon, and saw 5 of its levels.

You collected 167 gold pieces.

Inventory:

Hand Weapons
 f - a +0 dagger
 l - a +0 short sword of draining
 m - a +1 rapier
Armour
 b - an orb of light (worn)
 o - the cursed +2 pair of boots "Behold Eternity" (worn) {Cun, Self}
   (You found it on level 3 of the Dungeon)

   It has a curse which improves the following skills: Cunning: Dodging and
   Stealth.
   Introspection: Fighting and Spellcasting.
Jewellery
 c - a ring of wizardry (left hand)
 e - an amulet of reflection (around neck)
Scrolls
 d - a scroll of identify
 g - a scroll of fog
 j - a scroll of enchant weapon
 p - a scroll of amnesia {unknown}
 u - a scroll of magic mapping {unknown}
 v - 2 scrolls of teleportation
Potions
 a - a potion of ambrosia
 h - a potion of cancellation
 k - 3 potions of heal wounds
 n - a potion of brilliance
 q - a potion of resistance {unknown}
 r - a potion of haste {unknown}
 s - a potion of curing
 t - a potion of degeneration {unknown}


   Skills:
 + Level 4.8(5.2) Fighting
 + Level 4.0(4.4) Dodging
 * Level 5.5 Unarmed Combat


You had 5 spell levels left.
You didn't know any spells.
Your spell library contained the following spells:

 Spells                   Type           Power      Damage    Failure   Level
 Tukima's Dance           Hex            0%         N/A       34%         3
 Passage of Golubria      Tloc           0%         N/A       73%         4
 Yara's Violent Unravell  Hex/Tmut       0%         3d3       96%         5


Dungeon Overview and Level Annotations

Branches:
Dungeon (4/15)             Temple (1/1) D:4

Altars:
Ashenzari
Cheibriados
Dithmenos
Hepliaklqana
Makhleb
Nemelex Xobeh
Okawaru
Sif Muna
Trog
Uskayaw
Vehumet
Wu Jian
Xom
Yredelemnul

Annotations:
D:4 Grinder


Innate Abilities, Weirdness & Mutations

Your plain brown scales are hard. (AC +6)
You cannot fit into any form of body armour.
You are cold-blooded and may be slowed by cold attacks.
You have a pair of small horns on your head.
You are frail. (-10% HP)


Message History

Grinder misses you.
You hit Grinder. Your headbutt misses Grinder.
Grinder is moderately wounded.
You block Grinder's attack.
You hit Grinder. Your headbutt misses Grinder.
Grinder is moderately wounded.
Grinder hits you.
You writhe in agony.
You hit Grinder but do no damage. You tail-slap Grinder.
Grinder is heavily wounded.
You block Grinder's attack.
You hit Grinder.
Your tail-slap misses Grinder.
Grinder is heavily wounded.
You hit Grinder. You headbutt Grinder.
Grinder is severely wounded.
Grinder hits you!
You writhe in agony.
You hit Grinder but do no damage. You headbutt Grinder.
Grinder is severely wounded.
Grinder gestures at you. Pain shoots through your body!
* * * LOW HITPOINT WARNING * * *
You hit Grinder.
Grinder is almost dead.
Grinder hits you.
* * * LOW HITPOINT WARNING * * *
You writhe in agony.
* * * LOW HITPOINT WARNING * * *
You hit Grinder. You tail-slap Grinder.
Grinder is almost dead.
Grinder barely misses you.
You barely miss Grinder.
Grinder is almost dead.
Grinder blinks!
Grinder says, "Just stop there for a second..."
Grinder gestures at you.
You suddenly lose the ability to move!
Grinder gestures at you.
You barely resist. Grinder gestures at you. Pain shoots through your body!
You die...

. ##. #.. ####
#.# ##... ###.#
#.... ###...# ###
######'. #.....##
#.###≈....#.
#......##
#..##≈....#.
######@.#
#...#≈)...#.
##5##
##..#≈≈≈≈≈#. #..#
#..+######÷ #..##
##..## ##.
##..###....####..
#...............
###.......†.....
####...#######
#####


You could see Grinder.

Vanquished Creatures
  A black bear (D:3)
  A jelly (D:4)
  2 hounds (D:4)
  2 hound skeletons (D:3)
  8 adders
  An adder skeleton (D:3)
  An adder zombie (D:3)
  A worm (D:3)
  3 dart slugs
  14 ball pythons
  3 bats
  3 endoplasms
  4 giant cockroaches
  7 hobgoblins
  2 jackals (D:1)
  7 kobolds
  A quokka (D:4)
  A frilled lizard (D:1)
  2 giant cockroach zombies (D:3)
  3 goblins
  2 quokka skeletons (D:3)
  7 rats
76 creatures vanquished.

Notes
Turn   | Place    | Note
-------+----------+-------------------------------------------
     0 | D:1      | pkoi the Draconian Monk began the quest for the Orb.
     0 | D:1      | Reached XP level 1. HP: 19/19 MP: 1/1
   113 | D:1      | Reached XP level 2. HP: 7/26 MP: 2/2
   675 | D:2      | You fall into a shaft and drop 1 floor!
   724 | D:3      | Reached XP level 3. HP: 28/33 MP: 3/3
  1370 | D:2      | Reached skill level 4 in Unarmed Combat
  1517 | D:3      | Found a broken altar of Ashenzari.
  1526 | D:3      | Found a faded altar of an unknown god.
  1540 | D:3      | Found an ornate altar of the Wu Jian Council.
  1591 | D:3      | Reached XP level 4. HP: 40/40 MP: 4/4
  1858 | D:3      | Identified the +1 robe of Jieviulixi {rF+}
  1881 | D:3      | Noticed a black bear
  1895 | D:3      | Killed a black bear
  1896 | D:3      | Reached XP level 5. HP: 47/47 MP: 5/5
  2299 | D:3      | Reached skill level 5 in Unarmed Combat
  2397 | D:3      | Became a worshipper of Ashenzari the Shackled
  2647 | D:4      | Reached XP level 6. HP: 35/53 MP: 6/6
  2861 | D:4      | Found a basalt altar of Yredelemnul.
  3257 | D:4      | Found a staircase to the Ecumenical Temple.
  3292 | Temple   | Entered the Ecumenical Temple
  3561 | D:4      | Noticed Grinder
  3571 | D:4      | Gained mutation: You are frail. (-10% HP) [potion of
                  | mutation]
  3571 | D:4      | Gained mutation: You have a pair of small horns on your
                  | head. [potion of mutation]
  3590 | D:4      | Paralysed by Grinder for 5 turns
  3593 | D:4      | Killed from afar by Grinder

Illustrated notes

Levels and vault maps discovered:
D:1:      tarquinn_simple_flora_water_a, layout_rooms
D:2:      layout_loops_cross
D:3:      layout_basic, mainiacjoe_overflow_paths, mainiacjoe_overflow_alcove_2,
          serial_undead, serial_undead_a, serial_undead_e, serial_undead_d,
          serial_undead_e, basic_ecumenical_altar, kennysheep_generic_room_10
D:4:      minmay_octagon_keep, layout_layer_cave, mainiacjoe_overflow_catwalk,
          minmay_temple_entry_mist, chequers_garden, grunt_decor_resistance,
          chequers_serial_rivers_room_a, grunt_decor_arrowhead, uniq_grinder
Temple:   grunt_temple_mini_profane

Skill      XL: |  1  2  3  4  5  6 |
---------------+-------------------+-----
Dodging        | 3 4 |  4.0
Unarmed Combat | 4 5 |  5.5
Fighting       | 4 |  4.8

Action                     |  1- 3 |  4- 6 || total
---------------------------+-------+-------++-------
  Melee: Unarmed           |    96 |   151 ||   247
         Tailslap          |     9 |    28 ||    37
         Headbutt          |       |     3 ||     3
 Invoke: Curse Item        |       |     1 ||     1
    Use: Scroll            |     6 |       ||     6
         Potion            |       |     6 ||     6
 Armour: Skin              |    20 |    53 ||    73
  Dodge: Dodged            |    53 |    74 ||   127
  Block: Orb               |    14 |    30 ||    44
